 Dungeon Crawl Stone Soup version 0.17-a0-1110-g19bd574 (webtiles) character file.

93 KlotserJr the Sneak (level 4, -4/34 HPs)
             Began as a Merfolk Assassin on May 21, 2015.
             Slain by a goblin
             ... wielding a +0 club
             ... led by Robin
              (5 damage)
             ... on level 3 of the Dungeon on May 22, 2015.
             The game lasted 00:22:27 (2080 turns).

KlotserJr the Sneak (Merfolk Assassin)              Turns: 2080, Time: 00:22:27

Health: -4/34      AC:  3    Str: 11    XL:     4   Next: 62%
Magic:  4/4        EV: 13    Int: 10    God:
Gold:   171        SH:  0    Dex: 16    Spells: 0 memorised, 3 levels left

rFire  . . .     SeeInvis .     a - +2 dagger
rCold  . . .     Clarity  .     c - +0 robe
rNeg   . . .     SustAt   .     (no shield)
rPois  .         Gourm    .     (no helmet)
rElec  .         Spirit   .     d - +0 cloak
rCorr  .         Warding  .     (no gloves)
rMut   .         Stasis   .     (no boots)
MR     .....                    (no amulet)
Stlth  +++.......               (no ring)
                                (no ring)

@: not resistant to hostile enchantments, fairly stealthy
A: change form in water, swift swim
a: no special abilities


You were on level 3 of the Dungeon.
You were near starving.

You visited 1 branch of the dungeon, and saw 3 of its levels.

You collected 171 gold pieces.

Inventory:

Hand weapons
 a - a +2 dagger (weapon)
 b - a +0 blowgun
 h - a +0 whip
 i - a +0 dagger
 j - a +0 short sword
 n - a +0 dagger
 q - a +0 dagger
Armour
 c - a +0 robe (worn)
 d - a +0 cloak (worn)
 t - a +0 robe
 v - a +0 ring mail
 y - a +0 robe
Scrolls
 f - 2 scrolls of identify {unknown}
 l - a scroll of recharging {unknown}
 o - 3 scrolls of remove curse {unknown}
 r - a scroll of amnesia {unknown}
 s - 2 scrolls of enchant weapon {unknown}
 u - a scroll of enchant armour {unknown}
 x - a scroll of fear {unknown}
 z - a scroll of immolation {unknown}
Potions
 m - 2 potions of curing {unknown}
 p - 2 potions of might {unknown}
 w - a potion of invisibility {unknown}
Comestibles
 g - 5 bread rations
 k - 2 chunks of flesh


   Skills:
 + Level 2.4 Fighting
 * Level 2.5 Short Blades
 + Level 2.9 Throwing
 + Level 2.2 Dodging
 + Level 5.0 Stealth


You had 3 spell levels left.
You didn't know any spells.

Dungeon Overview and Level Annotations

Branches:
Dungeon (3/15)

Altars:
Nemelex Xobeh


Message History

Robin is almost dead.
The goblin barely misses you. Robin misses you.
You barely miss Robin.
Robin is almost dead.
Robin says, "Bow before me, strongest of all the hobgoblins!"
The goblin hits you with a club!
* * * LOW HITPOINT WARNING * * *
You closely miss Robin.
Robin is almost dead.
Robin barely misses you. The goblin hits you but does no damage.
You barely miss Robin.
Robin is almost dead.
You are near starving!
Robin roars a battlecry!
The goblins go into a battle-frenzy!
Robin closely misses you.
You hit Robin.
You kill Robin!
The goblin hits you with a club.
You die...

# #..# #..#
#..# #..#
#######.#
........#####
#...........#
#.#####.###g#
#.# #@# #.#
#)# ..# #g#
### #g# #.#
#.# #.# ..#


You could see a hobgoblin (frenzied) and 2 goblins.

Vanquished Creatures
  Robin (D:3)
  An adder (D:2)
  An ooze (D:3)
  A worm (D:2)
  2 giant geckos (D:2)
  2 giant cockroaches (D:1)
  11 goblins
  6 hobgoblins
  9 jackals
  6 kobolds
  3 quokkas
  6 bats
  4 giant newts (D:2)
  4 rats (D:1)
57 creatures vanquished.

Notes
Turn   | Place    | Note
--------------------------------------------------------------
     0 | D:1      | KlotserJr the Merfolk Assassin began the quest for the Orb.
     0 | D:1      | Reached XP level 1. HP: 16/16 MP: 1/1
    61 | D:1      | Upgraded the game from 0.17-a0-1103-ga40c899 to 0.17-a0-1110-g19bd574
   116 | D:1      | Reached XP level 2. HP: 22/22 MP: 2/2
   299 | D:1      | Reached skill level 1 in Short Blades
   503 | D:1      | Reached XP level 3. HP: 23/27 MP: 3/3
  1004 | D:2      | Found a sparkling altar of Nemelex Xobeh.
  1169 | D:2      | Reached skill level 5 in Stealth
  1313 | D:2      | Reached XP level 4. HP: 10/34 MP: 4/4
  2053 | D:3      | Noticed Robin
  2077 | D:3      | HP: 1/34 [goblin/club[Robin] (7)]
  2080 | D:3      | Killed Robin
  2080 | D:3      | Slain by a goblin

Vault maps used:
D:1:      scummos_arrival_gate
D:2:      nemelex_xobeh_ov_fountains_minmay, eino_curves_02,
          minmay_stone_trees_medium
D:3:      uniq_robin

Action                   |  1- 3 |  4- 6 || total
-------------------------+-------+-------++-------
Melee: Dagger            |    52 |    64 ||   116
 Fire: Blowgun           |    89 |     7 ||    96
 Stab: Sleeping          |    16 |     1 ||    17
       Distracted        |     1 |     1 ||     2
  Eat: Chunk             |     1 |     1 ||     2
